General information
- name: goon
- type: Ladder 1vs1/FFA
- host: NADMaN
- saver: tIMG4strok
map: DivideAndConquer
- players: 11
- length: 85:37
- speed: Fast
- version: 1.21 W3XP
- replay type:

» download(1059 KB)
Players
team 1 (winner)

»
NADMaN (
dark-green | 157 APM | 13411 actions | 85:31)
8 Blademaster
3 Wind Walk
3 Critical Strike
1 Bladestorm
1 Mirror Image
7 Tauren Chieftain
3 War Stomp
3 Endurance Aura
1 Reincarnation
6 Shadow Hunter
2 Hex
3 Healing Wave
1 Big Bad Voodoo
» actions
| Assign group hotkey | 55 | |
| Basic commands | 363 | |
| Build / train | 171 | |
| ESC pressed | 10 | |
| Enter build submenu | 58 | |
| Enter hero's abilities submenu | 25 | |
| Give item / drop item | 4 | |
| Remove unit from queue | 1 | |
| Right click | 5315 | |
| Select / deselect | 1478 | |
| Select group hotkey | 5363 | |
| Use ability | 566 | |
13411 total
» units
| Peon | 39 | |
| Grunt | 7 | |
| Spirit Walker | 7 | |
| Raider | 4 | |
| Tauren | 5 | |
| Troll Witch Doctor | 9 | |
| Troll Batrider | 22 | |
| Shaman | 4 | |
97 total
» upgrades
| Ensnare | 1 | |
| Spirit Walker Training | 2 | |
| Shaman Training | 2 | |
| Pulverize | 1 | |
| Armor | 2 | |
| Witch Doctor Training | 2 | |
| Reinforced Defenses | 1 | |
| Melee Weapons | 3 | |
| Ranged Weapons | 1 | |
15 total
» buildings
| Altar of Storms | 2 | |
| Orc Burrow | 17 | |
| Barracks | 1 | |
| Stronghold | 6 | |
| War Mill | 3 | |
| Spirit Lodge | 6 | |
| Beastiary | 4 | |
| Great Hall | 8 | |
| Watch Tower | 1 | |
| Fortress | 1 | |
| Voodoo Lounge | 4 | |
| Tauren Totem | 2 | |
55 total
» build order
00:06 Altar of Storms
00:11 Orc Burrow
00:52 Barracks
01:28 Orc Burrow
02:27 Stronghold
02:27 Stronghold
03:39 War Mill
04:16 Orc Burrow
05:15 Spirit Lodge
06:14 Beastiary
06:16 Spirit Lodge
06:24 Great Hall
06:44 Watch Tower
07:15 Orc Burrow
08:34 Fortress
09:13 Voodoo Lounge
10:44 Voodoo Lounge
11:49 Tauren Totem
12:28 Spirit Lodge
13:08 Orc Burrow
16:45 Orc Burrow
20:33 Beastiary
23:48 Orc Burrow
25:37 Great Hall
26:13 Great Hall
30:14 Great Hall
32:28 Voodoo Lounge
36:13 Spirit Lodge
37:20 Tauren Totem
37:21 Spirit Lodge
40:11 Altar of Storms
41:22 Great Hall
41:47 Orc Burrow
41:49 Orc Burrow
42:47 Great Hall
44:44 Stronghold
44:44 Stronghold
46:42 Stronghold
48:16 Beastiary
48:21 Beastiary
48:47 Orc Burrow
48:55 War Mill
49:46 Voodoo Lounge
49:58 Orc Burrow
51:25 Orc Burrow
52:27 Orc Burrow
52:28 Orc Burrow
56:09 Great Hall
57:21 Orc Burrow
61:42 Stronghold
63:32 Great Hall
65:23 Spirit Lodge
69:04 War Mill
70:36 Orc Burrow
70:38 Orc Burrow
» items
| Scroll of Town Portal | 8 | |
| Boots of Speed | 2 | |
| Orb of Lightning | 3 | |
| Scroll of Speed | 1 | |
| Healing Salve | 1 | |
| Lesser Clarity Potion | 1 | |
| Potion of Healing | 3 | |
| Scroll of Healing | 2 | |
| Potion of Mana | 1 | |
| Staff of Teleportation | 1 | |
| Periapt of Vitality | 2 | |
| Potion of Lesser Invulnerability | 1 | |
26 total
team 2 (loser)

»
Mata. (
green | 187 APM | 15953 actions | 85:31)
8 Archmage
3 Summon Water Elemental
3 Brilliance Aura
1 Mass Teleport
1 Blizzard
9 Mountain King
3 Storm Bolt
3 Bash
1 Avatar
2 Thunder Clap
9 Paladin
3 Holy Light
3 Divine Shield
2 Resurrection
1 Devotion Aura
» actions
| Assign group hotkey | 1008 | |
| Basic commands | 228 | |
| Build / train | 319 | |
| Enter build submenu | 86 | |
| Enter hero's abilities submenu | 27 | |
| Give item / drop item | 8 | |
| Remove unit from queue | 5 | |
| Right click | 5720 | |
| Select / deselect | 2790 | |
| Select group hotkey | 5165 | |
| Use ability | 590 | |
15953 total
» units
| Peasant | 53 | |
| Footman | 5 | |
| Dragonhawk Rider | 5 | |
| Gryphon Rider | 35 | |
| Priest | 21 | |
| Knight | 26 | |
| Sorceress | 5 | |
| Spell Breaker | 3 | |
| Flying Machine | 7 | |
160 total
» upgrades
| Masonry | 3 | |
| Lumber Harvesting | 2 | |
| Defend | 1 | |
| Cloud | 1 | |
| Storm Hammers | 1 | |
| Animal War Training | 1 | |
| Magic Sentry | 1 | |
| Priest Training | 2 | |
| Armor | 3 | |
| Swords | 3 | |
| Plating | 3 | |
| Flak Cannons | 1 | |
| Flying Machine Bombs | 1 | |
| Sorceress Training | 2 | |
| Control Magic | 1 | |
26 total
» buildings
| Altar of Kings | 3 | |
| Farm | 11 | |
| Barracks | 2 | |
| Scout Tower | 30 | |
| Arcane Tower | 4 | |
| Arcane Vault | 2 | |
| Lumber Mill | 2 | |
| Keep | 1 | |
| Guard Tower | 33 | |
| Gryphon Aviary | 6 | |
| Castle | 1 | |
| Town Hall | 17 | |
| Blacksmith | 2 | |
| Arcane Sanctum | 3 | |
| Workshop | 1 | |
118 total
» build order
00:04 Altar of Kings
00:27 Farm
00:36 Barracks
01:06 Farm
01:40 Farm
02:33 Scout Tower
03:12 Arcane Tower
03:12 Arcane Tower
03:15 Arcane Vault
03:35 Farm
03:56 Lumber Mill
04:03 Scout Tower
04:05 Scout Tower
04:06 Scout Tower
04:58 Keep
05:17 Scout Tower
05:40 Guard Tower
05:40 Guard Tower
05:40 Guard Tower
06:15 Farm
06:16 Farm
06:18 Guard Tower
06:19 Guard Tower
06:19 Guard Tower
06:37 Lumber Mill
06:44 Scout Tower
07:30 Guard Tower
07:30 Guard Tower
07:30 Guard Tower
08:21 Gryphon Aviary
08:23 Gryphon Aviary
09:30 Scout Tower
09:32 Scout Tower
09:33 Scout Tower
09:35 Scout Tower
09:35 Scout Tower
09:40 Castle
10:36 Guard Tower
10:36 Guard Tower
12:18 Town Hall
13:00 Town Hall
13:01 Scout Tower
13:03 Scout Tower
13:04 Scout Tower
13:33 Guard Tower
13:33 Guard Tower
14:19 Guard Tower
14:19 Guard Tower
14:30 Farm
15:22 Scout Tower
15:25 Scout Tower
15:26 Scout Tower
16:03 Guard Tower
16:03 Guard Tower
16:03 Guard Tower
16:04 Guard Tower
16:06 Town Hall
16:14 Guard Tower
16:14 Guard Tower
18:22 Guard Tower
18:24 Scout Tower
18:25 Scout Tower
18:51 Blacksmith
19:15 Guard Tower
19:15 Guard Tower
19:17 Guard Tower
19:17 Guard Tower
19:24 Arcane Sanctum
24:00 Farm
27:48 Blacksmith
30:01 Arcane Sanctum
30:29 Town Hall
30:40 Farm
32:10 Town Hall
32:27 Farm
42:38 Altar of Kings
42:41 Workshop
43:34 Town Hall
43:42 Altar of Kings
43:46 Gryphon Aviary
43:47 Gryphon Aviary
43:48 Gryphon Aviary
43:48 Scout Tower
43:50 Scout Tower
43:51 Scout Tower
43:52 Scout Tower
44:31 Guard Tower
44:34 Gryphon Aviary
46:10 Arcane Vault
46:32 Town Hall
47:40 Town Hall
50:31 Town Hall
50:36 Town Hall
50:45 Town Hall
57:03 Barracks
64:25 Scout Tower
64:27 Scout Tower
64:28 Scout Tower
64:29 Scout Tower
65:13 Guard Tower
65:15 Town Hall
65:42 Arcane Tower
65:42 Guard Tower
67:38 Town Hall
67:51 Arcane Sanctum
70:52 Town Hall
73:22 Farm
73:25 Scout Tower
73:26 Scout Tower
73:26 Scout Tower
83:57 Town Hall
84:34 Town Hall
84:38 Town Hall
» items
| Scroll of Regeneration | 6 | |
| Lesser Clarity Potion | 2 | |
| Boots of Speed | 2 | |
| Staff of Sanctuary | 3 | |
| Scroll of Town Portal | 10 | |
| Orb of Fire | 3 | |
| Periapt of Vitality | 1 | |
| Circlet of Nobility | 2 | |
| Potion of Healing | 5 | |
34 total
team 3 (loser)

»
tIMG4strok (
teal | 197 APM | 16855 actions | 85:41)
10 Mountain King
3 Storm Bolt
3 Bash
1 Avatar
3 Thunder Clap
9 Paladin
3 Holy Light
3 Divine Shield
1 Resurrection
2 Devotion Aura
8 Blood Mage
2 Banish
3 Flame Strike
1 Summon Phoenix
2 Siphon Mana
» actions
| Assign group hotkey | 122 | |
| Basic commands | 365 | |
| Build / train | 243 | |
| ESC pressed | 5 | |
| Enter build submenu | 51 | |
| Enter hero's abilities submenu | 29 | |
| Give item / drop item | 6 | |
| Right click | 6319 | |
| Select / deselect | 1671 | |
| Select group hotkey | 7620 | |
| Use ability | 424 | |
16855 total
» units
| Peasant | 22 | |
| Footman | 11 | |
| Spell Breaker | 11 | |
| Flying Machine | 26 | |
| Priest | 9 | |
| Dragonhawk Rider | 28 | |
| Gryphon Rider | 4 | |
| Knight | 3 | |
| Sorceress | 5 | |
119 total
» upgrades
| Defend | 1 | |
| Magic Sentry | 1 | |
| Flak Cannons | 1 | |
| Gunpowder | 3 | |
| Plating | 3 | |
| Control Magic | 1 | |
| Masonry | 3 | |
| Flying Machine Bombs | 1 | |
| Priest Training | 2 | |
| Barrage | 1 | |
| Swords | 3 | |
| Lumber Harvesting | 2 | |
| Fragmentation Shards | 1 | |
| Flare | 1 | |
| Cloud | 1 | |
| Storm Hammers | 1 | |
| Animal War Training | 1 | |
| Armor | 3 | |
| Sorceress Training | 2 | |
32 total
» buildings
| Altar of Kings | 2 | |
| Barracks | 1 | |
| Farm | 11 | |
| Scout Tower | 30 | |
| Arcane Tower | 1 | |
| Arcane Vault | 1 | |
| Lumber Mill | 1 | |
| Keep | 1 | |
| Arcane Sanctum | 2 | |
| Blacksmith | 1 | |
| Workshop | 3 | |
| Guard Tower | 13 | |
| Castle | 1 | |
| Town Hall | 6 | |
| Gryphon Aviary | 1 | |
75 total
» build order
00:04 Altar of Kings
00:07 Barracks
00:13 Farm
00:52 Farm
01:27 Scout Tower
01:59 Farm
02:18 Arcane Tower
02:50 Arcane Vault
04:08 Lumber Mill
04:58 Keep
07:26 Arcane Sanctum
07:26 Arcane Sanctum
07:30 Farm
07:31 Blacksmith
07:37 Farm
07:38 Farm
08:47 Workshop
09:56 Workshop
09:59 Scout Tower
10:00 Scout Tower
10:04 Farm
10:55 Guard Tower
10:59 Workshop
12:23 Castle
16:12 Scout Tower
16:12 Scout Tower
16:19 Farm
16:19 Farm
18:30 Guard Tower
21:07 Farm
22:08 Town Hall
26:21 Scout Tower
26:21 Scout Tower
26:23 Scout Tower
26:23 Scout Tower
27:00 Scout Tower
27:01 Scout Tower
27:02 Scout Tower
28:00 Guard Tower
28:03 Guard Tower
28:34 Guard Tower
28:44 Guard Tower
28:44 Guard Tower
33:38 Scout Tower
33:39 Scout Tower
33:39 Scout Tower
33:39 Scout Tower
33:40 Scout Tower
33:42 Scout Tower
34:08 Guard Tower
34:22 Guard Tower
34:28 Town Hall
34:43 Guard Tower
36:08 Gryphon Aviary
40:30 Guard Tower
44:02 Farm
44:56 Town Hall
46:53 Town Hall
54:34 Scout Tower
54:35 Scout Tower
54:36 Scout Tower
54:37 Scout Tower
54:37 Scout Tower
54:38 Scout Tower
54:42 Scout Tower
54:43 Scout Tower
54:43 Scout Tower
54:44 Scout Tower
54:44 Scout Tower
54:45 Scout Tower
55:09 Town Hall
57:28 Guard Tower
59:36 Guard Tower
67:02 Altar of Kings
77:58 Town Hall
» items
| Lesser Clarity Potion | 10 | |
| Scroll of Regeneration | 7 | |
| Boots of Speed | 3 | |
| Scroll of Town Portal | 14 | |
| Staff of Sanctuary | 3 | |
| Orb of Fire | 2 | |
| Potion of Healing | 3 | |
| Periapt of Vitality | 1 | |
| Scroll of Protection | 2 | |
| Scroll of Healing | 1 | |
46 total
team 4 (loser)
BEAR_AND (
red | 61 APM | 5202 actions | 85:31)
4 Death Knight
2 Death Coil
2 Unholy Aura
3 Lich
2 Frost Nova
1 Frost Armor
» actions
| Assign group hotkey | 31 | |
| Basic commands | 20 | |
| Build / train | 94 | |
| Enter build submenu | 47 | |
| Enter hero's abilities submenu | 8 | |
| Give item / drop item | 3 | |
| Remove unit from queue | 4 | |
| Right click | 2930 | |
| Select / deselect | 527 | |
| Select group hotkey | 1379 | |
| Use ability | 159 | |
5202 total
» units
| Acolyte | 15 | |
| Ghoul | 8 | |
| Obsidian Statue | 7 | |
| Abomination | 6 | |
| Frost Wyrm | 3 | |
| Crypt Fiend | 4 | |
43 total
» upgrades
| Cannibalize | 1 | |
| Creature Attack | 3 | |
| Destroyer Form | 1 | |
| Creature Carapace | 3 | |
| Web | 1 | |
| Burrow | 1 | |
| Unholy Strength | 1 | |
| Unholy Armor | 1 | |
| Freezing Breath | 1 | |
13 total
» buildings
| Crypt | 2 | |
| Ziggurat | 9 | |
| Altar of Darkness | 2 | |
| Nerubian Tower | 4 | |
| Graveyard | 1 | |
| Tomb of Relics | 1 | |
| Halls of the Dead | 2 | |
| Black Citadel | 1 | |
| Slaughterhouse | 1 | |
| Sacrificial Pit | 1 | |
| Necropolis | 18 | |
| Boneyard | 1 | |
| Spirit Tower | 3 | |
46 total
» build order
00:09 Crypt
00:12 Ziggurat
00:36 Altar of Darkness
01:05 Ziggurat
01:32 Nerubian Tower
01:32 Nerubian Tower
01:33 Nerubian Tower
02:12 Graveyard
02:35 Tomb of Relics
03:32 Halls of the Dead
04:23 Ziggurat
07:19 Black Citadel
07:45 Slaughterhouse
07:54 Ziggurat
14:13 Sacrificial Pit
14:41 Necropolis
16:46 Boneyard
18:20 Ziggurat
18:20 Ziggurat
19:16 Spirit Tower
19:17 Nerubian Tower
19:18 Ziggurat
19:19 Ziggurat
26:34 Spirit Tower
26:34 Spirit Tower
27:00 Necropolis
30:33 Necropolis
31:32 Halls of the Dead
31:34 Crypt
31:35 Altar of Darkness
32:32 Ziggurat
33:46 Necropolis
34:07 Necropolis
34:10 Necropolis
36:43 Necropolis
36:46 Necropolis
36:47 Necropolis
36:48 Necropolis
36:49 Necropolis
36:51 Necropolis
36:53 Necropolis
36:56 Necropolis
36:57 Necropolis
36:59 Necropolis
37:01 Necropolis
37:03 Necropolis
» items
| Boots of Speed | 1 | |
| Potion of Healing | 5 | |
| Scroll of Town Portal | 6 | |
| Orb of Corruption | 1 | |
| Scroll of Healing | 2 | |
| Potion of Lesser Invulnerability | 1 | |
16 total
team 5 (loser)
bLinn (
purple | 127 APM | 10835 actions | 85:31)
7 Blademaster
3 Wind Walk
2 Critical Strike
1 Bladestorm
1 Mirror Image
9 Tauren Chieftain
3 War Stomp
3 Endurance Aura
2 Reincarnation
1 Shockwave
7 Shadow Hunter
3 Hex
3 Healing Wave
1 Big Bad Voodoo
» actions
| Assign group hotkey | 222 | |
| Basic commands | 58 | |
| Build / train | 225 | |
| Enter build submenu | 34 | |
| Enter hero's abilities submenu | 24 | |
| Give item / drop item | 42 | |
| Remove unit from queue | 16 | |
| Right click | 5554 | |
| Select / deselect | 1431 | |
| Select group hotkey | 2754 | |
| Use ability | 475 | |
10835 total
» units
| Peon | 23 | |
| Grunt | 4 | |
| Raider | 2 | |
| Wind Rider | 8 | |
| Shaman | 10 | |
| Troll Witch Doctor | 5 | |
| Troll Batrider | 6 | |
| Spirit Walker | -1 | |
| Kodo Beast | 2 | |
| Tauren | 3 | |
| Troll Headhunter/Berserker | 5 | |
67 total
» upgrades
| Berserker Strength | 1 | |
| Pillage | 1 | |
| Armor | 3 | |
| Ensnare | 1 | |
| Melee Weapons | 3 | |
| Ranged Weapons | 4 | |
| Envenomed Spears | 1 | |
| Shaman Training | 2 | |
| Witch Doctor Training | 2 | |
| Backpack | 0 | |
| Reinforced Defenses | 1 | |
| Liquid Fire | 1 | |
| Spirit Walker Training | 2 | |
| Troll Regeneration | 1 | |
| Berserker Upgrade | 1 | |
24 total
» buildings
| Altar of Storms | 1 | |
| Orc Burrow | 10 | |
| Barracks | 1 | |
| Voodoo Lounge | 2 | |
| Stronghold | 3 | |
| War Mill | 1 | |
| Beastiary | 4 | |
| Fortress | 3 | |
| Great Hall | 5 | |
| Spirit Lodge | 2 | |
| Tauren Totem | 2 | |
34 total
» build order
00:02 Altar of Storms
00:10 Orc Burrow
00:40 Barracks
01:24 Orc Burrow
02:26 Voodoo Lounge
02:52 Stronghold
02:52 Stronghold
02:52 Stronghold
04:11 Orc Burrow
04:46 War Mill
06:24 Beastiary
06:25 Beastiary
06:32 Beastiary
07:35 Orc Burrow
07:58 Fortress
07:58 Fortress
07:58 Fortress
10:18 Great Hall
11:14 Spirit Lodge
11:19 Orc Burrow
15:52 Voodoo Lounge
22:29 Orc Burrow
22:30 Orc Burrow
22:30 Orc Burrow
22:34 Beastiary
29:56 Great Hall
30:21 Great Hall
32:41 Tauren Totem
32:42 Tauren Totem
37:02 Spirit Lodge
49:22 Orc Burrow
49:22 Orc Burrow
54:40 Great Hall
56:22 Great Hall
» items
| Healing Salve | 7 | |
| Lesser Clarity Potion | 7 | |
| Scroll of Speed | 2 | |
| Scroll of Town Portal | 9 | |
| Orb of Lightning | 1 | |
| Scroll of Healing | 3 | |
| Potion of Mana | 1 | |
| Potion of Healing | 1 | |
| Periapt of Vitality | 6 | |
| Potion of Lesser Invulnerability | 7 | |
| Boots of Speed | 3 | |
| Staff of Teleportation | 1 | |
| Tome of Retraining | 1 | |
| Circlet of Nobility | 1 | |
50 total
team 6 (loser)
HI_HOW_ARE_YOU (
blue | 35 APM | 183 actions | 05:14)
1 Warden
1 Fan of Knives
» actions
| Basic commands | 3 | |
| Build / train | 19 | |
| Enter build submenu | 7 | |
| Enter hero's abilities submenu | 1 | |
| Remove unit from queue | 5 | |
| Right click | 56 | |
| Select / deselect | 73 | |
| Use ability | 19 | |
183 total
» units
» buildings
| Moon Well | 3 | |
| Altar of Elders | 1 | |
| Ancient of War | 1 | |
| Hunter's Hall | 1 | |
6 total
» build order
00:13 Moon Well
00:24 Altar of Elders
00:31 Ancient of War
02:30 Hunter's Hall
02:41 Moon Well
04:49 Moon Well
team 7 (loser)
Moonwalking (
yellow | 62 APM | 1045 actions | 16:55)
4 Archmage
2 Summon Water Elemental
2 Brilliance Aura
» actions
| Assign group hotkey | 34 | |
| Basic commands | 63 | |
| Build / train | 54 | |
| ESC pressed | 4 | |
| Enter build submenu | 25 | |
| Enter hero's abilities submenu | 4 | |
| Right click | 459 | |
| Select / deselect | 229 | |
| Select group hotkey | 103 | |
| Use ability | 70 | |
1045 total
» units
» upgrades
» buildings
| Altar of Kings | 2 | |
| Barracks | 2 | |
| Farm | 8 | |
| Lumber Mill | 2 | |
| Scout Tower | 9 | |
| Guard Tower | 6 | |
| Town Hall | 1 | |
| Arcane Tower | 1 | |
| Arcane Vault | 1 | |
| Keep | 3 | |
35 total
» build order
00:08 Altar of Kings
00:21 Barracks
00:37 Farm
00:52 Farm
01:48 Farm
02:24 Lumber Mill
03:15 Scout Tower
03:26 Scout Tower
03:44 Guard Tower
03:45 Scout Tower
03:56 Guard Tower
03:57 Scout Tower
04:45 Scout Tower
04:46 Scout Tower
05:06 Guard Tower
05:06 Guard Tower
06:17 Town Hall
07:00 Farm
07:15 Scout Tower
07:17 Scout Tower
07:20 Scout Tower
07:40 Farm
07:44 Guard Tower
08:14 Guard Tower
08:36 Arcane Tower
08:39 Arcane Vault
11:08 Keep
13:02 Keep
13:07 Altar of Kings
13:11 Barracks
13:14 Farm
13:15 Farm
13:17 Farm
15:16 Lumber Mill
» items
| Staff of Teleportation | 1 | |
| Scroll of Town Portal | 1 | |
2 total
team 8 (loser)
xbinderx (
orange | 42 APM | 908 actions | 21:51)
4 Priestess of the Moon
2 Trueshot Aura
2 Searing Arrows
» actions
| Assign group hotkey | 21 | |
| Basic commands | 118 | |
| Build / train | 69 | |
| ESC pressed | 2 | |
| Enter build submenu | 23 | |
| Enter hero's abilities submenu | 4 | |
| Remove unit from queue | 6 | |
| Right click | 254 | |
| Select / deselect | 233 | |
| Select group hotkey | 121 | |
| Use ability | 57 | |
908 total
» units
| Wisp | 12 | |
| Archer | 13 | |
| Huntress | 8 | |
| Mountain Giant | 6 | |
| Dryad | 6 | |
| Druid of the Claw | 2 | |
47 total
» upgrades
| Moon Armor | 2 | |
| Strength of the Moon | 2 | |
| Improved Bows | 1 | |
| Abolish Magic | 0 | |
| Druid of the Claw Training | 1 | |
| Reinforced Hides | 1 | |
7 total
» buildings
| Altar of Elders | 1 | |
| Moon Well | 9 | |
| Ancient of War | 1 | |
| Hunter's Hall | 1 | |
| Ancient of Wonders | 1 | |
| Tree of Ages | 1 | |
| Ancient Protector | 2 | |
| Ancient of Lore | 2 | |
18 total
» build order
00:06 Altar of Elders
00:15 Moon Well
00:23 Moon Well
00:30 Ancient of War
01:46 Moon Well
02:44 Moon Well
03:08 Hunter's Hall
05:43 Ancient of Wonders
05:45 Tree of Ages
07:16 Moon Well
07:24 Ancient Protector
08:18 Ancient of Lore
11:06 Moon Well
12:32 Moon Well
13:32 Ancient of Lore
16:58 Moon Well
18:05 Moon Well
19:05 Ancient Protector
» items
| Scroll of Town Portal | 2 | |
| Potion of Healing | 1 | |
3 total
team 9 (loser)

»
Batanik(n.n) (
pink | 90 APM | 2106 actions | 23:27)
5 Archmage
2 Summon Water Elemental
2 Brilliance Aura
1 Blizzard
1 Mountain King
1 Storm Bolt
1 Paladin
1 Holy Light
» actions
| Assign group hotkey | 29 | |
| Basic commands | 54 | |
| Build / train | 122 | |
| ESC pressed | 2 | |
| Enter build submenu | 44 | |
| Enter hero's abilities submenu | 6 | |
| Give item / drop item | 4 | |
| Right click | 831 | |
| Select / deselect | 373 | |
| Select group hotkey | 505 | |
| Use ability | 136 | |
2106 total
» units
| Peasant | 21 | |
| Footman | 6 | |
| Dragonhawk Rider | 5 | |
| Siege Engine | 3 | |
| Gryphon Rider | 1 | |
| Knight | 1 | |
37 total
» upgrades
| Masonry | 3 | |
| Lumber Harvesting | 2 | |
| Storm Hammers | 1 | |
| Animal War Training | 1 | |
| Swords | 2 | |
| Armor | 1 | |
| Flak Cannons | 1 | |
| Barrage | 1 | |
| Gunpowder | 2 | |
14 total
» buildings
| Altar of Kings | 2 | |
| Barracks | 1 | |
| Lumber Mill | 2 | |
| Farm | 13 | |
| Scout Tower | 15 | |
| Arcane Tower | 5 | |
| Keep | 3 | |
| Town Hall | 1 | |
| Arcane Vault | 2 | |
| Guard Tower | 20 | |
| Gryphon Aviary | 3 | |
| Castle | 3 | |
| Blacksmith | 1 | |
| Workshop | 2 | |
| Arcane Sanctum | 1 | |
74 total
» build order
00:09 Altar of Kings
00:31 Barracks
00:45 Lumber Mill
00:49 Farm
01:13 Farm
02:42 Farm
03:31 Scout Tower
04:02 Arcane Tower
04:02 Arcane Tower
05:29 Keep
05:34 Scout Tower
05:36 Scout Tower
05:38 Scout Tower
05:39 Scout Tower
05:40 Scout Tower
05:58 Town Hall
06:05 Arcane Vault
06:08 Scout Tower
06:09 Scout Tower
06:11 Scout Tower
06:13 Scout Tower
06:13 Scout Tower
06:14 Scout Tower
06:36 Guard Tower
06:37 Guard Tower
07:07 Guard Tower
07:33 Guard Tower
07:34 Guard Tower
07:37 Scout Tower
07:38 Scout Tower
07:40 Scout Tower
07:46 Guard Tower
08:05 Guard Tower
08:05 Guard Tower
08:13 Guard Tower
08:51 Guard Tower
09:10 Guard Tower
09:10 Guard Tower
09:31 Guard Tower
09:31 Guard Tower
09:31 Guard Tower
09:36 Farm
09:41 Farm
09:48 Farm
09:49 Farm
09:55 Gryphon Aviary
10:00 Guard Tower
10:02 Arcane Tower
10:29 Guard Tower
11:14 Arcane Vault
11:39 Gryphon Aviary
12:14 Castle
12:15 Castle
12:15 Castle
12:43 Lumber Mill
14:19 Blacksmith
14:22 Guard Tower
14:23 Guard Tower
14:27 Arcane Tower
14:27 Arcane Tower
15:34 Gryphon Aviary
17:41 Workshop
18:20 Workshop
19:02 Farm
19:03 Farm
19:04 Farm
19:42 Farm
19:44 Farm
19:47 Farm
22:52 Altar of Kings
23:15 Arcane Sanctum
23:18 Keep
» items
| Scroll of Regeneration | 3 | |
| Potion of Healing | 6 | |
| Ivory Tower | 3 | |
| Scroll of Town Portal | 6 | |
| Staff of Sanctuary | 1 | |
| Potion of Lesser Invulnerability | 1 | |
| Tome of Retraining | 1 | |
| Periapt of Vitality | 1 | |
| Dust of Appearance | 1 | |
23 total
team 10 (loser)
OxycodoneXR_420 (
gray | 77 APM | 1420 actions | 18:27)
2 Death Knight
1 Death Coil
1 Unholy Aura
2 Crypt Lord
1 Carrion Beetles
1 Spiked Carapace
» actions
| Assign group hotkey | 31 | |
| Basic commands | 49 | |
| Build / train | 63 | |
| Enter build submenu | 21 | |
| Enter hero's abilities submenu | 4 | |
| Remove unit from queue | 6 | |
| Right click | 657 | |
| Select / deselect | 290 | |
| Select group hotkey | 256 | |
| Use ability | 43 | |
1420 total
» units
| Acolyte | 7 | |
| Ghoul | 7 | |
| Crypt Fiend | 5 | |
| Obsidian Statue | 3 | |
| Abomination | 2 | |
24 total
» upgrades
| Unholy Strength | 3 | |
| Unholy Armor | 2 | |
| Creature Attack | 2 | |
| Disease Cloud | 1 | |
| Web | 1 | |
9 total
» buildings
| Altar of Darkness | 1 | |
| Crypt | 1 | |
| Ziggurat | 8 | |
| Graveyard | 2 | |
| Nerubian Tower | 1 | |
| Spirit Tower | 11 | |
| Halls of the Dead | 2 | |
| Tomb of Relics | 1 | |
| Slaughterhouse | 2 | |
| Black Citadel | 2 | |
31 total
» build order
00:15 Altar of Darkness
00:25 Crypt
00:32 Ziggurat
01:06 Ziggurat
01:19 Graveyard
01:25 Graveyard
01:47 Ziggurat
02:39 Nerubian Tower
02:46 Spirit Tower
02:46 Spirit Tower
03:17 Halls of the Dead
03:17 Halls of the Dead
03:34 Spirit Tower
03:34 Spirit Tower
04:05 Tomb of Relics
04:33 Ziggurat
04:58 Ziggurat
05:35 Spirit Tower
05:36 Spirit Tower
05:36 Spirit Tower
06:21 Slaughterhouse
06:24 Slaughterhouse
07:19 Black Citadel
07:19 Black Citadel
07:28 Spirit Tower
07:28 Spirit Tower
07:28 Spirit Tower
08:46 Ziggurat
10:43 Ziggurat
14:33 Ziggurat
15:17 Spirit Tower
» items
team 11 (loser)

»
Caines_wrath (
light-blue | 45 APM | 417 actions | 09:14)
1 Blademaster
1 Wind Walk
» actions
| Assign group hotkey | 6 | |
| Build / train | 17 | |
| Enter build submenu | 12 | |
| Enter hero's abilities submenu | 1 | |
| Remove unit from queue | 5 | |
| Right click | 127 | |
| Select / deselect | 201 | |
| Select group hotkey | 26 | |
| Use ability | 21 | |
417 total
» units
| Peon | 1 | |
| Grunt | 6 | |
| Troll Headhunter/Berserker | 2 | |
9 total
» upgrades
» buildings
| Altar of Storms | 1 | |
| Barracks | 1 | |
| Orc Burrow | 6 | |
| War Mill | 1 | |
9 total
» build order
00:09 Altar of Storms
00:18 Barracks
01:01 Orc Burrow
01:32 War Mill
02:54 Orc Burrow
03:56 Orc Burrow
06:03 Orc Burrow
06:23 Orc Burrow
07:34 Orc Burrow
Chat log
(00:29 / All) Batanik(n.n): Omg i got my best race but i didnt happy =/
(00:33 / All) tIMG4strok: ))
(00:39 / All) bLinn: i happied in ur moms face
(00:43 / All) BEAR_AND: batik dobri)))))
(00:44 / All) HI_HOW_ARE_YOU: lmao
(00:49 / All) HI_HOW_ARE_YOU: i happeied in ur face
(00:55 / All) Batanik(n.n): Same
(00:57 / All) Batanik(n.n): asshole
(01:09 / All) Batanik(n.n): Mbl ZnakoMbl?
(01:10 / All) Batanik(n.n): xD
(01:20 / All) bLinn: shut ur noob shit mouthe
(01:30 / All) HI_HOW_ARE_YOU: i like it when you get rough
(01:38 / All) bLinn: not so ruff noobi
(01:48 / All) Batanik(n.n): Man your gilfriend have not vagina and month ??
(01:55 / All) Batanik(n.n): u get not sex 10 years?
(01:56 / All) bLinn: correct.. she has neither
(02:14 / All) OxycodoneXR_420: Purp is a bitch
(02:15 / All) HI_HOW_ARE_YOU: haha, very funny
(02:17 / All) Batanik(n.n): rofl coz u get a boyfriend
(02:18 / All) Batanik(n.n): xD
(02:22 / All) HI_HOW_ARE_YOU: yeah
(02:24 / All) HI_HOW_ARE_YOU: and its purple
(02:29 / All) Batanik(n.n): oh come on
(02:31 / All) bLinn: she is.. not real :(
(03:28 / All) OxycodoneXR_420: FUCK U TEAL
(03:32 / All) OxycodoneXR_420: PUNK BITCH
(03:43 / All) Batanik(n.n): from guys ?
(03:44 / All) OxycodoneXR_420: :)
(03:45 / All) Batanik(n.n): i am rux
(03:49 / All) Batanik(n.n): rus
(03:52 / All) OxycodoneXR_420: los angeles
(03:59 / All) Batanik(n.n): Russia here
(04:05 / All) bLinn: the city of fallen angels.. where the ocean meets the sand
(04:15 / All) Moonwalking: god blue you luckky
(04:26 / All) OxycodoneXR_420: he alone?
(04:34 / All) xbinderx: where
(04:38 / All) xbinderx: lol sry grey
(04:42 / All) xbinderx: lets own blue
(04:53 / All) xbinderx: then rape pruples asian face
(05:03 / All) OxycodoneXR_420: ha
(05:04 / All) bLinn: haha wtf
(05:18 / All) xbinderx: work
(05:21 / All) Moonwalking: got him
(07:52 / All) OxycodoneXR_420: WIOW
(07:54 / All) OxycodoneXR_420: 1
(07:55 / All) OxycodoneXR_420: FUCK U ESE
(08:00 / All) OxycodoneXR_420: U FUCKING PUSSY ASS BITHC
(08:03 / All) OxycodoneXR_420: FUCK UR MOTHER
(08:03 / All) bLinn: ONE?
(08:07 / All) OxycodoneXR_420: FUCK UR WHOLD GOD DAMN FAMILY
(08:21 / All) OxycodoneXR_420: DARK GREEN IS A FUCING FAG BITCH
(08:25 / All) OxycodoneXR_420: PUSSY MOTHER FUCK
(09:19 / All) Batanik(n.n): host annoing
(09:20 / All) Batanik(n.n): xDDD
(11:01 / All) Mata.: yeah fuck off
(11:14 / All) OxycodoneXR_420: FUCK U BITCH
(11:15 / All) OxycodoneXR_420: PUSSY BITCH
(11:17 / All) OxycodoneXR_420: DG
(15:32 / All) OxycodoneXR_420: WTF RED
(15:35 / All) OxycodoneXR_420: U KIKE
(15:42 / All) OxycodoneXR_420: bitch move
(17:01 / All) OxycodoneXR_420: ha
(17:10 / All) xbinderx: i pwned him
(17:24 / All) OxycodoneXR_420: RED
(17:24 / All) OxycodoneXR_420: OMF
(17:36 / All) OxycodoneXR_420: U Are a bitch
(17:43 / All) OxycodoneXR_420: ATK ME WHEN IM GONE
(17:47 / All) OxycodoneXR_420: THEN RUN
(17:50 / All) OxycodoneXR_420: 2 tiMES IN A ROW
(17:55 / All) OxycodoneXR_420: WOW TEAL
(18:00 / All) OxycodoneXR_420: EVEN MORE OF A BITCH MOVE
(18:10 / All) Batanik(n.n): so bad ping =(
(18:10 / All) OxycodoneXR_420: U ARE A KIKE
(18:11 / All) xbinderx: lol girls
(18:13 / All) xbinderx: o girls
(18:13 / All) OxycodoneXR_420: WEN I GOT teamd
(18:24 / All) OxycodoneXR_420: fuck this 3 peeps teamin me
(18:30 / All) xbinderx: where
(21:09 / All) Mata.: hubba hubba pink where ya towers?
(22:28 / All) Batanik(n.n): team >
(22:43 / All) Batanik(n.n): green you loose Noob
(55:35 / 5) NADMaN: yo
(55:37 / 5) NADMaN: lets team mata
(55:40 / 5) NADMaN: only chance we have
(59:34 / All) bLinn: Matahaus
(59:51 / All) bLinn: DEADMAU5 at the MATAHAU5
(60:31 / All) bLinn: Speed of blight: 3 x 10^-3 m/s